 Dungeon Crawl Stone Soup version 0.27.0-1-g7a089689b8 (webtiles) character file.

Game seed: 17445293562009264263

7 x13thangelx the Ducker (level 1, -3/16 HPs)
             Began as a Demonspawn Gladiator on Aug 2, 2021.
             Slain by a gnoll (6 damage)
             ... on level 1 of the Dungeon.
             The game lasted 00:00:38 (189 turns).

x13thangelx the Ducker (Demonspawn Gladiator)        Turns: 189, Time: 00:00:38

Health: -3/16      AC:  4    Str: 14    XL:     1   Next: 91%
Magic:  1/1        EV: 12    Int:  9    God:
Gold:   13         SH:  0    Dex: 14    Spells: 0/0 levels left

rFire    . . .     SeeInvis .   a - +0 war axe
rCold    . . .     Faith    .   (no shield)
rNeg     . . .     Spirit   .   b - +0 leather armour
rPois    .         Reflect  .   c - +0 helmet
rElec    .         Harm     +   e - scarf {harm}
rCorr    .         Rampage  .   (no gloves)
Will     .....                  (no boots)
Stlth    +.........             (no amulet)
HPRegen  0.05/turn              (no ring)
MPRegen  0.07/turn              (no ring)

@: no status effects
A: no striking features
a: no special abilities


You were on level 1 of the Dungeon.
You visited 1 branch of the dungeon, and saw 1 of its levels.

You collected 13 gold pieces.

Inventory:

Hand Weapons
 a - a +0 war axe (weapon)
Missiles
 d - 3 throwing nets (quivered)
Armour
 b - a +0 leather armour (worn)
 c - a +0 helmet (worn)
 e - a scarf of harm (worn)
Scrolls
 f - a scroll of identify {unknown}


   Skills:
 + Level 2.0 Fighting
 + Level 2.8 Axes
 + Level 1.8 Throwing
 + Level 0.1 Armour
 + Level 2.9 Dodging


You couldn't memorise any spells.
You didn't know any spells.
Your spell library was empty.

Dungeon Overview and Level Annotations

Branches:
Dungeon (1/15)

Altars:


Message History

The jackal bites you but does no damage.
The jackal closely misses you.
You completely miss the jackal. You closely miss the jackal.
The jackal bites you but does no damage.
The jackal bites you. x3
You closely miss the jackal. You hit the jackal but do no damage.
The jackal barely misses you.
The jackal bites you but does no damage.
The jackal barely misses you.
The jackal bites you but does no damage.
You slash the jackal!
You kill the jackal!
You closely miss the jackal. The jackal barely misses you.
The jackal bites you. x2
You barely miss the jackal. You closely miss the jackal.
The jackal bites you but does no damage. x2
The jackal misses you. The jackal bites you.
You closely miss the jackal. x2; The jackal misses you.
The jackal barely misses you.
The jackal bites you but does no damage.
The jackal bites you.
You closely miss the jackal. You hit the jackal. The jackal barely misses you.
The jackal misses you. The jackal closely misses you.
You barely miss the jackal. You hit the jackal but do no damage.
The jackal barely misses you. The jackal closely misses you. x2
You hit the jackal but do no damage. You hit the jackal.
You kill the jackal!
The jackal closely misses you. The jackal bites you.
You closely miss the jackal. The jackal closely misses you.
The jackal bites you.
You slash the jackal!
You kill the jackal!
You see here a jackal corpse.
You start resting.
A gnoll comes into view. It is wielding a +0 club.
You barely miss the gnoll. The gnoll hits you with a +0 club.
* * * LOW HITPOINT WARNING * * *
The gnoll hits you but does no damage.
You completely miss the gnoll. The gnoll hits you with a +0 club.
You die...

#.# #.##################.#
#.#...#..........#.#.#
#.#.#.#.########.#.#.#
#.#.#.#........#.#.#.# .
+.#.#.########.#.#.#.# ...
#.#.#..........#...#†#
.....#.#.##############.#.#
.......†....g@............#
.#.....######.#.#.#######.#
#..... #.#.#.......#.#
#..... #.#.#.#####.#.#
#####. #.#.#.#..<#.#.# #.
#.#.#.#.###.#.# #.
..#.#.#.....#.# #.
######.#########.#
..................#


You could see a gnoll.

Vanquished Creatures
  An endoplasm (D:1)
  A goblin (D:1)
  3 jackals (D:1)
  A ball python (D:1)
6 creatures vanquished.

Notes
Turn   | Place    | Note
-------+----------+-------------------------------------------
     0 | D:1      | x13thangelx the Demonspawn Gladiator began the quest for
                  | the Orb.
     0 | D:1      | Reached XP level 1. HP: 16/16 MP: 1/1
   189 | D:1      | Slain by a gnoll

Illustrated notes

Levels and vault maps discovered:
D:1:      matt_arrival_spirals, layout_basic,
          shapermc_ecumenical_altar_totnotflames, serial_shops,
          nicolae_shop_overgrown_old_shop, serial_curves, eino_curves_01,
          eino_curves_04, eino_curves_04, minmay_misc_feat_encased,
          minmay_tromino_mix6

Action                   || total
-------------------------++-------
Melee: War axe           ||    21
Armor: Leather armour    ||    11
Dodge: Dodged            ||    19
